 Dungeon Crawl Stone Soup version 0.28-a0-175-gb2089b6bb7 (webtiles) character file.

Game seed: 7391266794284809252

81 Arne the Gusty (level 4, -6/24 HPs)
             Began as a Tengu Air Elementalist on Aug 17, 2021.
             Mangled by a gnoll (8 damage)
             ... on level 2 of the Dungeon.
             The game lasted 00:10:34 (898 turns).

Arne the Gusty (Tengu Air Elementalist)              Turns: 898, Time: 00:10:34

Health: -6/24      AC:  2    Str:  8    XL:     4   Next: 40%
Magic:  2/9        EV: 12    Int: 17    God:
Gold:   26         SH:  0    Dex: 14    Spells: 7/8 levels left

rFire   . . .      SeeInvis .   b - +3 dagger
rCold   + . .      Faith    .   (no shield)
rNeg    . . .      Spirit   .   a - +0 robe
rPois   .          Reflect  .   (helmet restricted)
rElec   .          Harm     .   (no cloak)
rCorr   .          Rampage  .   (no gloves)
Will    .....                   (boots unavailable)
Stlth   ++........              (no amulet)
HPRegen 0.08/turn               c - ring of protection from cold
MPRegen 0.11/turn               (no ring)

@: no status effects
A: beak, talons 3
a: no special abilities


You were on level 2 of the Dungeon.
You visited 1 branch of the dungeon, and saw 2 of its levels.

You collected 26 gold pieces.

Inventory:

Hand Weapons
 b - a +3 dagger (weapon)
Armour
 a - a +0 robe (worn)
 f - a +0 pair of boots
Jewellery
 c - a ring of protection from cold (left hand)
Scrolls
 d - a scroll of enchant armour {unknown}
 e - a scroll of identify {unknown}
 g - a scroll of teleportation {unknown}
Potions
 h - a potion of degeneration {unknown}


   Skills:
 + Level 0.2 Short Blades
 + Level 2.5 Dodging
 + Level 2.1 Stealth
 + Level 2.7 Spellcasting
 + Level 1.9 Conjurations
 + Level 5.6 Air Magic


You had 7 spell levels left.
You knew the following spells:

 Your Spells              Type           Power      Damage    Failure   Level
a - Shock                 Conj/Air       60%        1d6       3%          1

Your spell library contained the following spells:

 Spells                   Type           Power      Damage    Failure   Level
 Swiftness                Air            21%        N/A       5%          3
 Static Discharge         Conj/Air       15%        N/A       6%          2
 Airstrike                Air            10%        N/A       19%         4


Dungeon Overview and Level Annotations

Branches:
Dungeon (2/15)

Altars:


Innate Abilities, Weirdness & Mutations

You have a beak for a mouth.
You have claws for feet.


Message History

Aim: a gnoll, wielding a +0 whip (75% to hit)
The zap hits the gnoll.
The gnoll is moderately wounded.
A gnoll comes into view. It is wielding a +0 spear.
Casting: Shock (safe; 4% risk of failure)
Confirm with . or Enter, or press ? or * to list all spells.
Aiming: Shock (safe; 4% risk of failure)
Press: ? - help, Shift-Dir - straight line, f/p - gnoll
Aim: a gnoll, wielding a +0 whip (moderately wounded, 75% to hit)
The zap hits the gnoll.
The gnoll is severely wounded.
The zap hits the gnoll.
The gnoll is moderately wounded.
Unknown command.
The gnoll drinks a potion.
The gnoll flickers and vanishes!
Deactivating autopickup; reactivate with Ctrl-A.
There is an open door here.
A gnoll is nearby!
The gnoll completely misses you.
You barely miss the gnoll. You peck the gnoll.
You kill the gnoll!
Something hits you.
You see here a +0 whip.
You barely miss something. You claw something. Something hits you.
You closely miss something. You claw something. Something barely misses you.
You miss something. You claw something.
An endoplasm comes into view.
Something hits you. Something hits you.
* * * LOW HITPOINT WARNING * * *
Casting: Shock (safe; 3% risk of failure)
Confirm with . or Enter, or press ? or * to list all spells.
You can't see any susceptible monsters within range! (Use Z to cast anyway.)
Something hits you.
* * * LOW HITPOINT WARNING * * *
Casting: Shock (safe; 3% risk of failure)
Confirm with . or Enter, or press ? or * to list all spells.
You don't know that spell.
You miss something. Your peck misses something. Something hits you!
You die...

########## #........#
#.######.#########
#...........#....#
#####
########.##.#....#
#.#.. #@##.#....# #.#.#
#{##.#....####.#.#
#)##.#....'....#.#
######'##.#....####.#.#
#.........#....# #.#.#
#.........###'## #.#.#
+.......).# #.# #.#.#
#.........# #.# #...#
####......###.#########


There were no monsters in sight!

Vanquished Creatures
  3 gnolls (D:2)
  An adder (D:2)
  A dart slug (D:1)
  4 endoplasms (D:1)
  3 giant cockroaches
  4 goblins
  2 hobgoblins
  3 jackals (D:2)
  A quokka (D:2)
  6 ball pythons
  2 bats (D:1)
  3 frilled lizards
  3 kobolds (D:1)
  3 rats (D:1)
39 creatures vanquished.

Notes
Turn   | Place    | Note
-------+----------+-------------------------------------------
     0 | D:1      | Arne the Tengu Air Elementalist began the quest for the
                  | Orb.
     0 | D:1      | Reached XP level 1. HP: 10/10 MP: 4/4
    73 | D:1      | Found a faded altar of an unknown god.
   103 | D:1      | Reached XP level 2. HP: 15/15 MP: 0/6
   216 | D:1      | Reached skill level 5 in Air Magic
   333 | D:1      | Reached XP level 3. HP: 18/19 MP: 1/7
   829 | D:2      | Reached XP level 4. HP: 16/24 MP: 1/8
   898 | D:2      | Mangled by a gnoll

Illustrated notes

Levels and vault maps discovered:
D:1:      dpeg_arrival_long_road, layout_rooms, dreamdust_ecumenical_altar_grove
D:2:      layout_basic

Skill      XL: |  1  2 |
---------------+-------+-----
Air Magic      | 5 |  5.6
Short Blades   | |  0.2
Dodging        | |  2.5
Stealth        | |  2.1
Spellcasting   | |  2.7
Conjurations   | |  1.9

Action                   |  1- 3 |  4- 6 || total
-------------------------+-------+-------++-------
Melee: Dagger            |    18 |     5 ||    23
       Kick              |     1 |     3 ||     4
       Peck              |     1 |     1 ||     2
 Cast: Shock             |    53 |     7 ||    60
Armor: Robe              |     3 |     1 ||     4
Dodge: Dodged            |    15 |     2 ||    17

Table legend: (Time is in decaauts)
 A = Elapsed time spent in this place.
 B = Non-inter-level travel time spent in this place.
 C = Inter-level travel time spent in this place.
 D = Time resting spent in this place.
 E = Time spent auto-exploring this place.
 F = Levels seen in this place.
 G = Mean time per level.
                   A        B        C        D        E       F      G
               +--------+--------+--------+--------+--------+-----+--------+
         Total |    896 |    896 |      0 |    104 |      0 |   2 |  448.0 |
       Dungeon |    896 |    896 |      0 |    104 |      0 |   2 |  448.0 |
               +--------+--------+--------+--------+--------+-----+--------+

Top non-repeatable levels by time:
     D:1: 545 daAuts
     D:2: 351 daAuts
